 Dungeon Crawl Stone Soup version 0.19-a0-1608-g4cf22de (webtiles) character file.

49 4thArraOfDagon the Slasher (level 3, -4/43 HPs)
             Began as a Demigod Gladiator on Sept 17, 2016.
             Killed from afar by an orc wizard (8 damage)
             ... with a magic dart
             ... on level 3 of the Dungeon.
             The game lasted 00:02:39 (316 turns).

4thArraOfDagon the Slasher (Demigod Gladiator)       Turns: 316, Time: 00:02:40

Health: -4/43      AC: 21    Str: 18    XL:     3   Next: 32%
Magic:  5/5        EV:  2    Int: 12    God:
Gold:   52         SH:  0    Dex: 18    Spells: 0 memorised, 2 levels left

rFire  . . .     SeeInvis .     a - +0 long sword
rCold  . . .     Gourm    .     (armour currently unavailable)
rNeg   + + +     Faith    .     (no shield)
rPois  +         Spirit   .     (helmet currently unavailable)
rElec  .         Dismiss  .     (cloak currently unavailable)
rCorr  .         Reflect  .     (gloves currently unavailable)
MR     .....     Harm     .     (boots currently unavailable)
Stlth  ++........ NoTele   +    (no amulet)
                                (no ring)
                                (no ring)

@: tree-form, very slightly contaminated, hasted and slowed
A: high mp 1
a: no special abilities


You were on level 3 of the Dungeon.
You were not hungry.
You were a tree.
You visited 1 branch of the dungeon, and saw 3 of its levels.

You collected 52 gold pieces.

Inventory:

Hand Weapons
 a - a +0 long sword (weapon)
Missiles
 d - a throwing net (quivered)
 j - 6 curare-tipped needles
Armour
 b - a +0 leather armour
 c - a +0 helmet (melded)
 n - a +0 chain mail (melded)
Scrolls
 h - 2 scrolls of identify {unknown}
 i - a scroll of random uselessness {unknown}
Comestibles
 f - a bread ration
 g - 2 beef jerkies
 k - a meat ration


   Skills:
 + Level 2.2 Fighting
 * Level 3.5 Long Blades
 - Level 1.7 Throwing
 + Level 1.1 Armour
 - Level 2.6 Dodging


You had 2 spell levels left.
You didn't know any spells.

Dungeon Overview and Level Annotations

Branches:
Dungeon (3/15)


Innate Abilities, Weirdness & Mutations

You have an increased reservoir of magic. (+10% MP)


Message History

The orc hits you but does no damage. The orc wizard casts a spell at you.
The magic dart hits you! The orc barely misses you.
The orc wizard points at you and mumbles some strange words.
You feel yourself slow down. The orc hits you but does no damage.
The orc wizard gestures at you while chanting.
The magic dart hits you!
* * * LOW HITPOINT WARNING * * *
The orc hits you but does no damage.
Unknown command.
The orc hits you but does no damage.
Unknown command.
You hit the orc wizard.
The orc wizard is almost dead.
The orc wizard hits you but does no damage.
The orc wizard points at you and mumbles some strange words.
The magic dart hits you!
You die...

# #. #
##.########..
#............
#............
.##..o.o.(..#
.>....)♣....#
.############


You could see an orc wizard and an orc.

Vanquished Creatures
  An orc priest (D:3)
  An ooze (D:1)
  A leopard gecko (D:2)
  3 bats
  3 giant cockroaches
  2 goblins (D:2)
  2 frilled lizards (D:2)
  A kobold (D:1)
  2 rats (D:1)
16 creatures vanquished.

Notes
Turn   | Place    | Note
-------+----------+-------------------------------------------
     0 | D:1      | 4thArraOfDagon the Demigod Gladiator began the quest for the Orb.
     0 | D:1      | Reached XP level 1. HP: 17/17 MP: 3/3
    14 | D:1      | You fall through a shaft!
    16 | D:2      | timbw: do you know how riposte works?
    45 | D:2      | 4thArraOfDagon: yea
    45 | D:2      | 4thArraOfDagon: when you dodge attack theres 50% flat chance to riposte
    45 | D:2      | timbw: 50% chance to retaliate when enemies miss you, giving you an automatic free attack. Monsters aren't cool enough to riposte.
    45 | D:2      | timbw: what is miss?
    45 | D:2      | timbw: only dodge?
    45 | D:2      | 4thArraOfDagon: yea only dodge
    45 | D:2      | timbw: lame
    45 | D:2      | 4thArraOfDagon: i think i saw formula somewhere
    45 | D:2      | 4thArraOfDagon: its only dodge miss so yeah...
    54 | D:2      | timbw: to bad
    77 | D:2      | timbw: would have been cool if block worked
   101 | D:2      | timbw: would enable fun builds
   126 | D:2      | timbw: qazlal large shield etc
   148 | D:2      | Reached skill level 3 in Long Blades
   178 | D:1      | Reached XP level 2. HP: 22/24 MP: 4/4
   303 | D:3      | Reached skill level 1 in Armour
   303 | D:3      | Reached XP level 3. HP: 7/29 MP: 5/5
   316 | D:3      | Killed from afar by an orc wizard

Vault maps used:
D:1:      minmay_arrival_hallway
D:2:      first_bread, minmay_misc_feat_alley
D:3:      demons_altar, grunt_temple_overflow_open

Skill      XL: |  1  2 |
---------------+-------+-----
Long Blades    | 3 |  3.5
Fighting       | 2 |  2.2
Armour         | 1 |  1.1
Throwing       | |  1.7
Dodging        | |  2.6

Action                   || total
-------------------------++-------
Melee: Long sword        ||    57
Throw: Throwing net      ||     2
  Use: Potion            ||     3
 Stab: Sleeping          ||     1
       Held in net/web   ||     2
Armor: Leather armour    ||     9
       Skin              ||    16
Dodge: Dodged            ||    35
